[Event "Late-Titled-Tuesday-Blitz-March-26-2024"]
[Site "Chess.com"]
[Date "2024.03.26"]
[Round "3"]
[White "Christian_Jordan"]
[Black "DACF2905"]
[Result "0-1"]
[WhiteElo "2044"]
[BlackElo "2381"]
[TimeControl "180+1"]
[EndTime "14:28:08 PDT"]
[Termination "DACF2905 won on time"]

1. e4 e5 2. f4 d5 3. exd5 e4 4. d3 exd3 5. Bxd3 Qxd5 6. Nf3 Nf6 7. Nc3 Bb4 8. Qe2+ Qe6 9. Bd2 O-O 10. Qxe6 Bxe6 11.
h3 Nc6 12. O-O-O Nd5 13. f5 Bxc3 14. fxe6 Bxd2+ 15. Rxd2 fxe6 16. Re1 Nf4 17. Bc4 Rae8 18. Ng5 Nd8 19. g3 h6 20. gxf4 hxg5 21. fxg5 Kh7 22. Bd3+ g6 23. h4 Kg7 24. h5 gxh5 25. Rh1 Rh8 26.
Rdh2 Nf7 27. Rxh5 Rxh5 28. Rxh5 Rh8 29. Rxh8 Kxh8 30. g6 Ne5 31. Be4 c6 32. Kd2 Kg7 33. Ke3 Nxg6 34. Kd4 Kf6 35. Kc5 Ne5 36. Kd6 Nc4+ 37.
Kc7 Nxb2 38. Kxb7 c5 39. Kxa7 Ke5 40. Bc6 Kd4 0-1

[Event "Late-Titled-Tuesday-Blitz-March-26-2024"]
[Site "Chess.com"]
[Date "2024.03.26"]
[Round "3"]
[White "chessamical"]
[Black "SHIVACalypso"]
[Result "1-0"]
[WhiteElo "2274"]
[BlackElo "2471"]
[TimeControl "180+1"]
[EndTime "14:28:09 PDT"]
[Termination "chessamical won by resignation"]

1. d4 b6 2. e4 Bb7 3. Bd3 e5 4. dxe5 Nc6 5. Nf3 Qe7 6. O-O Nxe5 7. Nxe5 Qxe5 8. Qe2 Bc5 9. c3 Nf6 10. b4 Bd6 11. f4 Qh5 12. e5 Qxe2 13. Bxe2 Be7 14.
exf6 Bxf6 15. Bf3 O-O-O 16. Bxb7+ Kxb7 17. Bb2 d5 18. Nd2 d4 19. Ne4 dxc3 20. Bxc3 Bxc3 21.
Nxc3 Rd4 22. b5 Rc4 23. Rac1 Rd8 24. Rf2 Rd3 25. Rfc2 a6 26. a4 Rdd4 27. g3 a5 28.
Kf2 Kb8 29. Ke2 Kb7 30. Rd1 Rxd1 31. Kxd1 Rd4+ 32. Ke2 Rb4 33. Rd2 Rc4 34. Kd3 Rc5 35.
Re2 c6 36. Re7+ Kb8 37. bxc6 Rxc6 38. Rxf7 1-0

[Event "Late-Titled-Tuesday-Blitz-March-26-2024"]
[Site "Chess.com"]
[Date "2024.03.26"]
[Round "3"]
[White "yujiarun18"]
[Black "Supelyel"]
[Result "0-1"]
[WhiteElo "2121"]
[BlackElo "2408"]
[TimeControl "180+1"]
[EndTime "14:28:10 PDT"]
[Termination "Supelyel won by checkmate"]

1. e4 c5 2. Nf3 d6 3. d4 cxd4 4. Nxd4 Nf6 5. Nc3 Nc6 6. Bg5 Bd7 7. Be2 h6 8. Bxf6 gxf6 9. O-O e6 10. Ndb5 Qb8 11.
Qd2 a6 12. Na3 b5 13. Nd1 h5 14. Ne3 Qb7 15. Rad1 Be7 16. c4 b4 17. Nac2 a5 18.
b3 h4 19. f4 Qb6 20. Bf3 Rc8 21. Kh1 Nd8 22. Ng4 Qc5 23. e5 f5 24. exd6 fxg4 25.
dxe7 Qxe7 26. Bxg4 f5 27. Bf3 Bc6 28. Nd4 Bxf3 29.
Nxf3 Nc6 30. Rfe1 Kf8 31. Qe2 Rh6 32. Ng5 Re8 33. Qf3 e5 34. fxe5 Qxg5 35. Qd5 Ne7 36. e6 Nxd5 37. cxd5 Rg6 38. d6 Qxg2# 0-1

[Event "Late-Titled-Tuesday-Blitz-March-26-2024"]
[Site "Chess.com"]
[Date "2024.03.26"]
[Round "3"]
[White "OriTaichman"]
[Black "baki83"]
[Result "0-1"]
[WhiteElo "2619"]
[BlackElo "2899"]
[TimeControl "180+1"]
[EndTime "14:28:12 PDT"]
[Termination "baki83 won by resignation"]

1. e4 c5 2. Nc3 e6 3. b3 Nc6 4.
Bb2 d5 5. exd5 exd5 6. Bb5 Be6 7.
Nf3 Nf6 8. d4 Be7 9. dxc5 Bxc5 10. Nd4 O-O 11. Bxc6 bxc6 12. Na4 Bb4+ 13. c3 Bd6 14.
Nxc6 Qc7 15. Nd4 Bg4 16. f3 Rae8+ 17. Kf2 Bxh2 18. Qd3 Qg3+ 19. Kf1 Ne4 20. Qe3 Bh3 21. Rxh2 Qxh2 22. gxh3 Ng3+ 0-1

[Event "Late-Titled-Tuesday-Blitz-March-26-2024"]
[Site "Chess.com"]
[Date "2024.03.26"]
[Round "3"]
[White "Flaccidmoves"]
[Black "GlavkonVVS"]
[Result "0-1"]
[WhiteElo "2435"]
[BlackElo "2649"]
[TimeControl "180+1"]
[EndTime "14:28:16 PDT"]
[Termination "GlavkonVVS won by resignation"]

1. d4 Nf6 2. c4 c5 3. d5 e6 4. Nc3 exd5 5. cxd5 d6 6. Nf3 g6 7. Bf4 Bg7 8. e3 O-O 9. h3 a6 10. a4 Re8 11. Nd2 Nh5 12. Bh2 Nd7 13. Be2 Ne5 14. O-O Nf6 15. f4 Ned7 16. e4 c4 17. Qc2 Rb8 18. a5 b5 19. axb6 Nxb6 20. e5 Bf5 21. Qc1 Nfxd5 22. Nxc4 Nxc3 23. bxc3 Nxc4 24. Bxc4 dxe5 25.
fxe5 Bxe5 26. Bxe5 Rxe5 27. Rxa6 Rc8 28. Qf4 Rec5 29.
Ba2 Qc7 30. Qxc7 R8xc7 31. g4 Bd3 32. Ra8+ Kg7 33. Rf3 Be4 34. Re3 Bxa8 0-1

[Event "Late-Titled-Tuesday-Blitz-March-26-2024"]
[Site "Chess.com"]
[Date "2024.03.26"]
[Round "3"]
[White "Alex_Banzea"]
[Black "PetrolulSah"]
[Result "1-0"]
[WhiteElo "2548"]
[BlackElo "2233"]
[TimeControl "180+1"]
[EndTime "14:28:17 PDT"]
[Termination "Alex_Banzea won by resignation"]

1. d4 d5 2. Nc3 Nf6 3. Bf4 c6 4. e3 g6 5. h4 h5 6. Nf3 Bg7 7. Ne5 Nbd7 8. Qd2 Nxe5 9. Bxe5 O-O 10. O-O-O Qa5 11. Kb1 Bf5 12. f3 b5 13. Nxd5 Qd8 14.
Nb4 Qb6 15. e4 Be6 16. Nd3 Nd7 17. Bxg7 Kxg7 18. Nf4 Bc4 19. Nxh5+ gxh5 20. Qg5+ Kh7 21. Qxh5+ Kg7 22. Qg4+ Kh7 23. Qxd7 a5 24. Qf5+ Kh8 25. Qh5+ Kg7 26. Rh3 Rg8 27. Rg3+ Kf8 28. Qh6+ 1-0

[Event "Late-Titled-Tuesday-Blitz-March-26-2024"]
[Site "Chess.com"]
[Date "2024.03.26"]
[Round "3"]
[White "falzehope0"]
[Black "gorgeous1083"]
[Result "1-0"]
[WhiteElo "2379"]
[BlackElo "2053"]
[TimeControl "180+1"]
[EndTime "14:28:26 PDT"]
[Termination "falzehope0 won on time"]

1. d4 Nf6 2. e3 d5 3. Bd3 e6 4. f4 c5 5. c3 b6 6. Nf3 Be7 7. O-O O-O 8. b3 Ba6 9. Bxa6 Nxa6 10. Nbd2 Nb8 11. Ne5 Nfd7 12. Qg4 f5 13. Qh3 Nf6 14. Bb2 Nbd7 15. Kh1 Rc8 16. Rf2 cxd4 17. exd4 b5 18. Rg1 a5 19. g4 Nxe5 20. fxe5 Nxg4 21. Rfg2 Bh4 22. Qf3 b4 23. c4 dxc4 24. bxc4 Bg5 25. Nf1 Rxc4 26. h3 Bh6 27. hxg4 fxg4 28. Qxg4 Rf4 29.
Qxe6+ Kh8 30. Qxc4 Rh4+ 31. Nh2 Be3 32. Rf1 Bf4 33.
Qf7 h6 34. Rxf4 Rxf4 35. Qxf4 1-0

[Event "Late-Titled-Tuesday-Blitz-March-26-2024"]
[Site "Chess.com"]
[Date "2024.03.26"]
[Round "3"]
[White "ATM622"]
[Black "OparinGrigoriy"]
[Result "0-1"]
[WhiteElo "2526"]
[BlackElo "2978"]
[TimeControl "180+1"]
[EndTime "14:28:32 PDT"]
[Termination "OparinGrigoriy won on time"]

1. d4 e6 2. c4 b6 3. Nf3 Bb7 4. g3 Nf6 5. Bg2 Bb4+ 6. Nbd2 O-O 7. O-O d5 8. Qc2 Qe7 9. Rd1 Nbd7 10. a3 Bd6 11. b4 c5 12. cxd5 exd5 13. bxc5 bxc5 14. dxc5 Nxc5 15. Nb3 Nfe4 16. Be3 Rac8 17. Nbd4 g6 18. Rab1 Ba6 19. Nb5 Bxb5 20. Rxb5 Ne6 21. Qd3 Nc3 22. Bh6 Rfd8 23. h4 Nxd1 24. Qxd1 Bxa3 25. Rxd5 Rxd5 26.
Qxd5 Bb2 27. h5 Rd8 28. Qb3 Bg7 29. Bxg7 Kxg7 30. Qb2+ Kg8 31. Qe5 Qd6 32. Qf6 Ng7 33. Qb2 Nxh5 34. Ng5 Nf6 35. e4 Qd1+ 36. Bf1 Qd4 37.
Qe2 h6 38. Nf3 Qxe4 0-1

[Event "Late-Titled-Tuesday-Blitz-March-26-2024"]
[Site "Chess.com"]
[Date "2024.03.26"]
[Round "3"]
[White "aghasiyevkamal"]
[Black "stasOR4ik"]
[Result "1-0"]
[WhiteElo "2650"]
[BlackElo "2436"]
[TimeControl "180+1"]
[EndTime "14:28:40 PDT"]
[Termination "aghasiyevkamal won by resignation"]

1. d4 d5 2. c4 e6 3. Nf3 Nf6 4. g3 c6 5. Bg2 Ne4 6. O-O Nd7 7. Nfd2 f5 8. f3 Nd6 9. e4 dxc4 10. e5 Nb5 11. Nxc4 Nb6 12. Nxb6 axb6 13. Be3 Nc7 14. Nc3 Nd5 15. Nxd5 exd5 16. Qc2 Be7 17. a3 O-O 18. f4 Be6 19. Rfd1 Qd7 20. Qb3 Qc7 21. Rac1 Ra5 22. Bd2 Ra6 23. Bxd5 Bxd5 24. Qxd5+ Kh8 25. Qe6 b5 26. d5 Qb6+ 27. Kg2 Bd8 28. Bb4 Qe3 29. Re1 Qd3 30. Bxf8 cxd5 31. Qe8 Qd2+ 32. Kh1 1-0

[Event "Late-Titled-Tuesday-Blitz-March-26-2024"]
[Site "Chess.com"]
[Date "2024.03.26"]
[Round "3"]
[White "Nemsko"]
[Black "TheCount"]
[Result "0-1"]
[WhiteElo "2427"]
[BlackElo "2640"]
[TimeControl "180+1"]
[EndTime "14:28:44 PDT"]
[Termination "TheCount won by resignation"]

1. e4 Nf6 2. e5 Ng8 3. d4 d6 4.
Nf3 dxe5 5. Nxe5 Nf6 6. Bc4 e6 7. O-O Nbd7 8. c3 Nxe5 9. dxe5 Qxd1 10. Rxd1 Nd7 11. f4 Nb6 12. Bb3 Bc5+ 13. Kf1 Bd7 14. a4 O-O-O 15. a5 Bb5+ 16. Ke1 Nc4 17. Bxc4 Bxc4 18.
Nd2 Bd5 19. g3 f6 20. exf6 gxf6 21. b3 h5 22. Ba3 Bg1 23. Be7 Bxh2 24. Bxf6 Bxg3+ 25.
Ke2 Bxf4 26. Bxd8 Rxd8 27. c4 Bc6 28. Nf3 Rf8 29. Nd4 Bd7 30. Rh1 e5 31. Nf3 Bg4 32.
Raf1 e4 0-1

[Event "Late-Titled-Tuesday-Blitz-March-26-2024"]
[Site "Chess.com"]
[Date "2024.03.26"]
[Round "3"]
[White "TemploVillamarin"]
[Black "Godzillator"]
[Result "1-0"]
[WhiteElo "2212"]
[BlackElo "2387"]
[TimeControl "180+1"]
[EndTime "14:28:45 PDT"]
[Termination "TemploVillamarin won by resignation"]

1. d4 f5 2. e4 fxe4 3. Nc3 Nf6 4. Bg5 g6 5. h4 Bg7 6. h5 O-O 7. hxg6 hxg6 8. Bc4+ d5 9. Bxf6 dxc4 10. Bxg7 Kxg7 11. Qd2 Rh8 12. Rxh8 Qxh8 13. O-O-O Qh6 14. Nxe4 Qxd2+ 15. Kxd2 a6 16. Nf3 b5 17. Ne5 Bf5 18. Nc5 a5 19. g4 Bc8 20. Re1 Na6 21. Nxa6 Rxa6 22. f3 Rf6 23. Ke3 g5 24. Rh1 Re6 25. Rh5 Kf6 26.
Rh8 Ba6 27. Rh6+ 1-0

[Event "Late-Titled-Tuesday-Blitz-March-26-2024"]
[Site "Chess.com"]
[Date "2024.03.26"]
[Round "3"]
[White "colegiodemadrid"]
[Black "Msb2"]
[Result "0-1"]
[WhiteElo "2528"]
[BlackElo "3020"]
[TimeControl "180+1"]
[EndTime "14:28:46 PDT"]
[Termination "Msb2 won by resignation"]

1. e4 e6 2. d4 d5 3. e5 c5 4. c3 Nc6 5. Nf3 Nge7 6. a3 Nf5 7. b4 cxd4 8. cxd4 Bd7 9. Bb2 b5 10. Bd3 a5 11. O-O axb4 12. axb4 Rxa1 13. Bxa1 Bxb4 14. Bxb5 Nxe5 15. Bxd7+ Nxd7 16. Bc3 Bxc3 17. Nxc3 O-O 18. Ne2 Qa5 19. Nf4 Rc8 20. Nd3 Qb6 21. Nde5 Nxe5 22.
dxe5 h6 23. h3 Ne7 24. Qd3 Ng6 25. Rd1 Qc7 26. Qe3 Qc3 27. Rd3 Qa1+ 28. Kh2 Qc1 29. Qxc1 Rxc1 30. g3 Rc2 31. Kg2 Rc4 32. h4 Re4 33.
Re3 Rxe3 34. fxe3 h5 35. Kf2 Ne7 36. Nd4 Kh7 37. Kf3 Kg6 38. e4 dxe4+ 39. Kxe4 Nd5 40. Nf3 f6 41. exf6 gxf6 42. Nd4 Kf7 43. Ne2 Ke7 44.
Nd4 Kd7 45. Ne2 Kd6 46. Kf3 f5 47. Nd4 Ke5 48. Nc6+ Kf6 49. Nd4 e5 50. Ne2 e4+ 51. Kf2 Ke5 52. Ng1 Kd4 53. Nh3 Kd3 54. Ng5 Kd2 55. Kf1 Nb4 56. Kg2 Nd3 57. Kf1 Ne5 58.
Kg2 e3 0-1

[Event "Late-Titled-Tuesday-Blitz-March-26-2024"]
[Site "Chess.com"]
[Date "2024.03.26"]
[Round "3"]
[White "steepedgames"]
[Black "inagreV"]
[Result "1-0"]
[WhiteElo "2528"]
[BlackElo "2391"]
[TimeControl "180+1"]
[EndTime "14:28:47 PDT"]
[Termination "steepedgames won by resignation"]

1. d4 Nf6 2. Bg5 d5 3. Bxf6 exf6 4. c4 dxc4 5. Nc3 c5 6. d5 a6 7. a4 Bd6 8. e3 O-O 9. Bxc4 Nd7 10. Nf3 Re8 11. Nd2 Ne5 12. Be2 Qa5 13. O-O Qb4 14.
Ra3 Qh4 15. g3 Qh3 16. Re1 Ng4 17. Nf1 Re5 18. Bf3 Bd7 19. Bg2 Qh6 20. h3 Nxf2 21.
Kxf2 Bxh3 22. e4 Rae8 23. Qd2 Rg5 24. Nd1 Bxg2 25. Kxg2 Bxg3 26. Rxg3 Ree5 27. Qf2 Qg6 28. Rxg5 Rxg5+ 29. Ng3 h5 30. Rh1 Rg4 31. Ne3 Rxe4 32. Rxh5 Rg4 33. Nxg4 1-0

[Event "Late-Titled-Tuesday-Blitz-March-26-2024"]
[Site "Chess.com"]
[Date "2024.03.26"]
[Round "3"]
[White "ernestina08chess"]
[Black "WindWhistler11"]
[Result "0-1"]
[WhiteElo "2266"]
[BlackElo "2443"]
[TimeControl "180+1"]
[EndTime "14:28:54 PDT"]
[Termination "WindWhistler11 won by resignation"]

1. e4 e6 2. d4 d5 3. e5 c5 4. c3 Nc6 5. Nf3 Bd7 6. Bd3 cxd4 7. cxd4 Qb6 8. Be2 Nge7 9. Na3 Nf5 10. Nc2 Bb4+ 11. Bd2 Bxd2+ 12. Qxd2 Qxb2 13. O-O Ncxd4 14. Nfxd4 Nxd4 15. Qxd4 Qxc2 16. Bd3 Qa4 17. Qb2 Bc6 18. f4 O-O 19. Rf3 f6 20. exf6 Rxf6 21. Raf1 Raf8 22. f5 d4 23. Rg3 e5 24. Bc2 Qb5 25. Bb3+ Kh8 26.
Qd2 Rxf5 27. Rxf5 Rxf5 28. h3 Qf1+ 29. Kh2 Qf4 30. Qe1 Rg5 31. Be6 h5 0-1

[Event "Late-Titled-Tuesday-Blitz-March-26-2024"]
[Site "Chess.com"]
[Date "2024.03.26"]
[Round "3"]
[White "a_kandil"]
[Black "AlexeiShirov"]
[Result "0-1"]
[WhiteElo "2509"]
[BlackElo "2821"]
[TimeControl "180+1"]
[EndTime "14:28:58 PDT"]
[Termination "AlexeiShirov won by resignation"]

1. e4 e5 2. Nf3 Nc6 3. Bc4 Bc5 4.
c3 Nf6 5. d3 O-O 6. O-O d5 7.
exd5 Nxd5 8. Re1 Bg4 9. Nbd2 Nb6 10. h3 Bh5 11. Bb3 Qxd3 12. Nxe5 Qf5 13. Nef3 Rad8 14. Qe2 Nd5 15. Qb5 Nf4 16. Qc4 Rxd2 17. Bxd2 Nxh3+ 18. gxh3 Bxf3 19. Qh4 h6 20. Bf4 g5 21.
Qxh6 gxf4 22. Kh2 Bxf2 23. Rg1+ Bg3+ 24. Rxg3+ fxg3+ 25. Kxg3 Bh5 26. Rg1 Ne5 27. Kh2+ Bg6 28. Rg5 Nf3+ 0-1

[Event "Late-Titled-Tuesday-Blitz-March-26-2024"]
[Site "Chess.com"]
[Date "2024.03.26"]
[Round "3"]
[White "Nicolik"]
[Black "Shankland"]
[Result "0-1"]
[WhiteElo "2514"]
[BlackElo "2911"]
[TimeControl "180+1"]
[EndTime "14:29:00 PDT"]
[Termination "Shankland won on time"]

1. d4 d5 2. c4 c6 3. Nf3 Nf6 4. Nc3 e6 5. g3 dxc4 6. Bg2 Nbd7 7. O-O b5 8. e4 Bb7 9. e5 Nd5 10. Ng5 h6 11. Nxe6 fxe6 12. Qh5+ Ke7 13. Ne4 Qe8 14.
Bg5+ hxg5 15. Qxh8 Kd8 16. Nxg5 Qe7 17. f4 Kc7 18.
Bh3 c5 19. Nxe6+ Kb6 20. a4 cxd4 21. axb5 d3 22. Qh5 Nc5 23. Nd4 Nb3 24. Qg6+ Nf6 25.
Nxb3 cxb3 26. Bg2 Qc5+ 27. Rf2 Qd4 28. exf6 gxf6 29. Bxb7 Bc5 30. Rf1 Re8 31. Bf3 Re1 32. Kg2 d2 33. Qf7 Ka5 34. Qb7 Kb4 35. Qa6 Qxb2 36.
Qc6 Rxf1 37. Rxf1 d1=Q+ 38. Kh3 Qxf1+ 39. Kg4 Qd3 40. b6 axb6 41. Qa8 Qbc2 0-1

[Event "Late-Titled-Tuesday-Blitz-March-26-2024"]
[Site "Chess.com"]
[Date "2024.03.26"]
[Round "3"]
[White "maciek_92"]
[Black "Matrix3x3a"]
[Result "1-0"]
[WhiteElo "2879"]
[BlackElo "2604"]
[TimeControl "180+1"]
[EndTime "14:29:03 PDT"]
[Termination "maciek_92 won by resignation"]

1. c4 Nf6 2. Nc3 c5 3. g3 d5 4.
cxd5 Nxd5 5. Bg2 Nc7 6. Nf3 Nc6 7.
O-O e5 8. d3 Be7 9. Nd2 O-O 10.
a4 Be6 11. a5 Qd7 12. Nc4 f6 13. f4 Nd5 14. f5 Bf7 15. Ne4 Rfd8 16. g4 b5 17.
axb6 axb6 18. Rxa8 Rxa8 19. g5 b5 20. gxf6 gxf6 21.
Ne3 Kh8 22. Kh1 Rg8 23. Ng3 Nxe3 24. Bxe3 Bd5 25. Bxd5 Qxd5+ 26. Ne4 c4 27. Rg1 Rxg1+ 28. Kxg1 cxd3 29. Qxd3 Qxd3 30. exd3 Kg7 31. Kf2 Kf7 32. Nc3 b4 33. Nd5 Bd6 34. Kf3 Na5 35. Ke4 Nb3 36. h3 Bc5 37. Kf3 Bxe3 38. Kxe3 Nc5 39. Nxb4 Na4 40. d4 Nxb2 41. d5 Nc4+ 42. Kf3 Nd6 43. Kg4 h5+ 44. Kxh5 Nxf5 45. Kg4 Nd6 46. Nc6 Ke8 47.
h4 Kd7 48. h5 Nf7 49. Kf5 Kd6 50. Nb4 Kc5 51. Kg6 Nh8+ 52. Kg7 e4 53. Nc2 Kxd5 54.
Kxh8 f5 55. Kg7 f4 56. h6 e3 57. h7 1-0

[Event "Late-Titled-Tuesday-Blitz-March-26-2024"]
[Site "Chess.com"]
[Date "2024.03.26"]
[Round "3"]
[White "Alexander_Donchenko"]
[Black "Payyappat"]
[Result "1-0"]
[WhiteElo "2873"]
[BlackElo "2513"]
[TimeControl "180+1"]
[EndTime "14:29:04 PDT"]
[Termination "Alexander_Donchenko won by resignation"]

1. e4 c6 2. Nf3 d5 3. d3 dxe4 4.
dxe4 Qxd1+ 5. Kxd1 Bg4 6. Nd2 Nd7 7. h3 Bxf3+ 8. Nxf3 O-O-O 9. Bd3 Ngf6 10. Ke2 e5 11. c3 Bc5 12. b4 Bb6 13. a4 a5 14. Bg5 h6 15. Bxf6 gxf6 16. Nh4 Nf8 17. Nf5 Ne6 18. g3 axb4 19. cxb4 Nd4+ 20. Nxd4 Rxd4 21. a5 Ba7 22. Rhb1 Rhd8 23. Rb3 f5 24. f3 Rg8 25. g4 fxg4 26.
hxg4 h5 27. b5 hxg4 28. b6 Bb8 29. a6 gxf3+ 30. Kxf3 bxa6 31. Bxa6+ Kd7 32. Rh1 c5 33. Bb5+ Ke6 34. Bc6 Bd6 35. Bd5+ Kf6 36. b7 Rb4 37.
Ra3 c4 38. Rc3 Bc5 39. Rh7 Rb2 40. Rxf7+ Kg6 41. Rc7 Rf2+ 42. Kg3 Kh6+ 43. Bxg8 1-0

[Event "Late-Titled-Tuesday-Blitz-March-26-2024"]
[Site "Chess.com"]
[Date "2024.03.26"]
[Round "3"]
[White "Gentlejimmy7"]
[Black "sergiochess83"]
[Result "1/2-1/2"]
[WhiteElo "2684"]
[BlackElo "2984"]
[TimeControl "180+1"]
[EndTime "14:29:05 PDT"]
[Termination "Game drawn by repetition"]

1. c4 e5 2. Nc3 Nf6 3. g3 d5 4.
cxd5 Nxd5 5. Bg2 Nxc3 6. dxc3 Qxd1+ 7. Kxd1 Bc5 8. e3 c6 9. Nf3 Nd7 10. Nd2 a5 11. Ne4 Be7 12. f3 Nb6 13. Nf2 Be6 14.
Kc2 a4 15. e4 f6 16. Bh3 Kf7 17. Bxe6+ Kxe6 18. Be3 Nc4 19. Rhe1 Rhd8 20. Nd3 Nxe3+ 21. Rxe3 b5 22. Rd1 g6 23. Re2 Rd7 24. Red2 Rad8 25.
Nb4 Bxb4 26. Rxd7 Rxd7 27. Rxd7 Kxd7 28. cxb4 Kd6 29. a3 c5 30. Kd3 c4+ 31. Ke3 Ke6 32. g4 g5 33. h3 h6 34. Kd2 Kd6 35. Ke3 Ke6 36. Kd2 Kd6 37. Ke3 Ke6 1/2-1/2

[Event "Late-Titled-Tuesday-Blitz-March-26-2024"]
[Site "Chess.com"]
[Date "2024.03.26"]
[Round "3"]
[White "Shiner22"]
[Black "Janh4"]
[Result "1-0"]
[WhiteElo "2406"]
[BlackElo "2163"]
[TimeControl "180+1"]
[EndTime "14:29:06 PDT"]
[Termination "Shiner22 won on time"]

1. e4 c6 2. d4 d5 3. exd5 cxd5 4. c4 Nf6 5. Nc3 Nc6 6. Nf3 a6 7. cxd5 Nxd5 8. Bd3 Bg4 9. h3 Bh5 10. Be4 e6 11.
O-O Be7 12. Re1 Bg6 13. Bxd5 exd5 14. Qb3 O-O 15. Nxd5 Bf6 16. Nxf6+ Qxf6 17. d5 Nd4 18. Nxd4 Qxd4 19. Be3 Qf6 20. Qxb7 Rab8 21. Qc6 Rxb2 22. Qxf6 gxf6 23. d6 Rd8 24. Rad1 Kg7 25. a4 Rb4 26. a5 Rd7 27. Bb6 Bc2 28. Rd2 Ba4 29. Bc7 Bb5 30. Re7 Kf8 31. Rxd7 Bxd7 32. Kh2 Rf4 33. Kg3 Re4 34. Rb2 Bb5 35. Rxb5 1-0

[Event "Late-Titled-Tuesday-Blitz-March-26-2024"]
[Site "Chess.com"]
[Date "2024.03.26"]
[Round "3"]
[White "gxbg2000"]
[Black "ArchibaldCerveza29"]
[Result "0-1"]
[WhiteElo "2018"]
[BlackElo "2368"]
[TimeControl "180+1"]
[EndTime "14:29:06 PDT"]
[Termination "ArchibaldCerveza29 won by resignation"]

1. e4 e5 2. Nf3 Nf6 3. Nc3 Nc6 4. d3 d5 5. exd5 Nxd5 6. Nxd5 Qxd5 7. Be2 h6 8. O-O Be6 9. Be3 Be7 10. Re1 O-O 11. b3 a5 12. a4 f5 13. Bd2 Bf6 14. Rb1 e4 15. dxe4 fxe4 16. Bc4 Qf5 17. Bxe6+ Qxe6 18. Qe2 Rae8 19. h3 Qf7 20. Nh2 Nd4 21. Qd1 Bh4 22. Be3 Bxf2+ 23. Kh1 Bxe1 24. Qxd4 Bg3 25. Ng4 h5 26.
Nh2 Qe6 27. Nf1 Bd6 28. Nd2 Qe5 29. Qc4+ Kh8 30. Bg1 e3 31. Nf3 Rxf3 32. gxf3 Qg3 33. Qf7 Qxh3+ 0-1

[Event "Late-Titled-Tuesday-Blitz-March-26-2024"]
[Site "Chess.com"]
[Date "2024.03.26"]
[Round "3"]
[White "hellokostya"]
[Black "Tol_Tol"]
[Result "1-0"]
[WhiteElo "2581"]
[BlackElo "2299"]
[TimeControl "180+1"]
[EndTime "14:29:08 PDT"]
[Termination "hellokostya won by checkmate"]

1. e4 c5 2. Nf3 Nc6 3. d4 cxd4 4.
Nxd4 Nf6 5. Nc3 e5 6. Ndb5 d6 7. Bg5 a6 8. Na3 b5 9. Nd5 Be7 10. Bxf6 Bxf6 11. c4 Nd4 12. cxb5 Be6 13. Bc4 axb5 14.
Nxb5 Bxd5 15. exd5 Qa5+ 16. Nc3 Qb4 17. Bb3 Nxb3 18. axb3 O-O 19. Rxa8 Rxa8 20. O-O e4 21. Qc2 Rb8 22. Nxe4 Be5 23. Nd2 g6 24. g3 Qd4 25. Nc4 Qxd5 26. Rd1 Qe6 27. Nxe5 dxe5 28. Rd3 e4 29. Rc3 Kg7 30. h4 h5 31. Qd1 Qe5 32. Qd7 Rb6 33. Qd8 Rf6 34. Rc8 Rd6 35. Qh8# 1-0

[Event "Late-Titled-Tuesday-Blitz-March-26-2024"]
[Site "Chess.com"]
[Date "2024.03.26"]
[Round "3"]
[White "Defenstrator"]
[Black "LeoWin2012"]
[Result "0-1"]
[WhiteElo "2499"]
[BlackElo "2292"]
[TimeControl "180+1"]
[EndTime "14:29:09 PDT"]
[Termination "LeoWin2012 won by resignation"]

1. f3 f6 2. c3 c6 3. Kf2 d5 4.
Ke3 e5 5. Kd3 Bf5+ 6. e4 dxe4+ 7. Ke2 exf3+ 8. Nxf3 Bc5 9. Ke1 Ne7 10. d4 exd4 11.
cxd4 Bb6 12. Bc4 Nd5 13. Nc3 O-O 14. Qb3 Re8+ 15. Kf2 Be6 16. Re1 Kh8 17. Nxd5 Bxd5 18. Rxe8+ Qxe8 19. Bxd5 cxd5 20. Qxd5 Nc6 21. Be3 Rd8 22. Qc4 Na5 23. Qc3 Rc8 24. Qd3 Nc4 25.
b3 Nxe3 26. Qxe3 Rc2+ 27. Nd2 Qd7 28. Ke2 Bxd4 29. Qd3 Qe7+ 30. Kd1 Rxd2+ 31. Kxd2 Bxa1 32. Qb5 Be5 33. g3 h6 34. Kd3 b6 35. Ke4 Qd6 36. Kf5 Kh7 37. Qe8 Qd3+ 38. Ke6 Bb2 39. Kf7 Qd5+ 40. Kf8 Ba3+ 0-1

[Event "Late-Titled-Tuesday-Blitz-March-26-2024"]
[Site "Chess.com"]
[Date "2024.03.26"]
[Round "3"]
[White "BabageldiAnnaberdiyev"]
[Black "eljanov"]
[Result "0-1"]
[WhiteElo "2639"]
[BlackElo "2904"]
[TimeControl "180+1"]
[EndTime "14:29:10 PDT"]
[Termination "eljanov won by resignation"]

1. e4 c6 2. d4 d5 3. Nd2 dxe4 4. Nxe4 Nf6 5. Nxf6+ exf6 6. Bc4 Bd6 7. Qe2+ Be7 8. Nf3 O-O 9. O-O Bd6 10. Re1 Na6 11.
c3 Nc7 12. h3 Re8 13. Qd1 Be6 14. Bd3 Qd7 15. Bf1 a5 16. a4 Nd5 17. Bd2 Qc7 18.
Qc2 g6 19. Bd3 Bf4 20. c4 Bxd2 21. cxd5 Bxe1 22. dxe6 Bxf2+ 23. Qxf2 Rxe6 24. Bc4 Re7 25. Re1 Rae8 26. Rf1 Qf4 27. b3 Kg7 28. Nh2 Qxf2+ 29. Kxf2 Re3 30. Rd1 Rc3 31. Rd2 h5 32. Nf3 g5 33. d5 cxd5 34. Rxd5 Rc2+ 35. Rd2 Rxd2+ 36. Nxd2 f5 37. Nf3 Kf6 38. Nd4 f4 39. Nb5 b6 40.
Nd6 Re7 41. Kf3 Re3+ 42. Kf2 g4 43. hxg4 hxg4 44. g3 Rf3+ 45. Kg2 Rxg3+ 46. Kf2 Rf3+ 47. Kg2 Re3 48. Nxf7 Rc3 49. Kf1 Rxc4 0-1

[Event "Late-Titled-Tuesday-Blitz-March-26-2024"]
[Site "Chess.com"]
[Date "2024.03.26"]
[Round "3"]
[White "Jospem"]
[Black "Korchmar_Vasiliy"]
[Result "1-0"]
[WhiteElo "3081"]
[BlackElo "2698"]
[TimeControl "180+1"]
[EndTime "14:29:11 PDT"]
[Termination "Jospem won on time"]

1. e4 c5 2. Nf3 d6 3. c3 Nf6 4.
h3 g6 5. Bd3 Bg7 6. Bc2 O-O 7.
d4 cxd4 8. cxd4 Nc6 9. O-O Nb4 10. Bb3 d5 11. e5 Ne4 12. Nc3 Be6 13. a3 Nc6 14. Re1 Nxc3 15. bxc3 Na5 16. Bc2 Nc4 17. Ng5 Qa5 18. Qf3 Rac8 19. Qg3 Bd7 20. h4 Kh8 21. h5 Bf5 22. Bxf5 gxf5 23. e6 fxe6 24. Nxe6 Rg8 25.
Bg5 Nd6 26. h6 Bxh6 27. Qe5+ Bg7 28. Nxg7 Rxg7 29. Bh6 Rg8 30. Re3 f4 31. Bxg7+ Rxg7 32. Qxf4 Ne4 33. Qe5 Qa6 34. Rf3 1-0

[Event "Late-Titled-Tuesday-Blitz-March-26-2024"]
[Site "Chess.com"]
[Date "2024.03.26"]
[Round "3"]
[White "cakeuvdort"]
[Black "xakevicius91"]
[Result "0-1"]
[WhiteElo "2142"]
[BlackElo "2541"]
[TimeControl "180+1"]
[EndTime "14:29:12 PDT"]
[Termination "xakevicius91 won by resignation"]

1. Nf3 Nf6 2. e3 e6 3. b3 b6 4. Bb2 Bb7 5. d4 Be7 6. Bd3 O-O 7. Nbd2 c5 8. O-O d6 9. c4 Nbd7 10. Qe2 Qc7 11. Rad1 a6 12. Bb1 Rfe8 13. Rfe1 Bf8 14. e4 cxd4 15. Bxd4 Rac8 16. e5 dxe5 17. Nxe5 Rcd8 18.
Ndf3 Bb4 19. Rf1 Be7 20. Nxf7 Bxf3 21. Qxe6 Kf8 22. Nxd8 Bxd8 23. gxf3 Rxe6 24. Bf5 Rd6 25. Bb2 Be7 26. Rxd6 Bxd6 27. Rd1 a5 28. Bd4 Nc5 29. Be3 Bxh2+ 30. Kg2 Bd6 31. a3 Nxb3 32. Rb1 Nc5 0-1

[Event "Late-Titled-Tuesday-Blitz-March-26-2024"]
[Site "Chess.com"]
[Date "2024.03.26"]
[Round "3"]
[White "DishonorOnYourCow"]
[Black "Polish_fighter3000"]
[Result "0-1"]
[WhiteElo "2535"]
[BlackElo "3113"]
[TimeControl "180+1"]
[EndTime "14:29:14 PDT"]
[Termination "Polish_fighter3000 won by checkmate"]

1. d4 Nf6 2. c4 c5 3. d5 b5 4.
cxb5 a6 5. bxa6 g6 6. Nc3 Bg7 7. a7 Rxa7 8. e4 d6 9. Nf3 O-O 10. Be2 Ba6 11. O-O Nbd7 12. a4 Qb6 13.
Bxa6 Qxa6 14. Ra3 Rb8 15. Nb5 Rab7 16. Qc2 Ne8 17. b3 Nc7 18. Nxc7 Rxc7 19. Bd2 Rcb7 20. Bc3 Bxc3 21. Qxc3 Rb4 22. Nd2 Qe2 23. a5 Rd4 24.
Nf3 Rd3 25. Qc4 Rb4 26. Qa6 Kg7 27. Qc8 Rd1 28. Ra1 Qxf1# 0-1